 Dungeon Crawl Stone Soup version 0.31-a0-236-g9a0961fb85 (webtiles) character file.

Game seed: 15611485462834585970

64 qw the Shooter (level 4, -10/26 HPs)
             Began as a Gargoyle Hexslinger on July 10, 2023.
             Killed by divine providence
             ... invoked by an orc priest
              (13 damage)
             ... on level 2 of the Dungeon.
             The game lasted 00:00:27 (1058 turns).

qw the Shooter (Gargoyle Hexslinger)                Turns: 1058, Time: 00:00:28

Health: -10/26     AC:  8    Str: 12    XL:     4   Next: 12%
Magic:  5/5        EV: 10    Int: 13    God:
Gold:   56         SH:  5    Dex: 14    Spells: 4/5 levels left

rFire   . . .        Y - +2 sling
rCold   . . .        (no shield)
rNeg    + . .        g - +0 ring mail
rPois   inf          (no helmet)
rElec   +            (no cloak)
rCorr   .            (no gloves)
SInv    .            (no boots)
Will    .....        k - amulet of reflection
Stlth   +            (no ring)
HPRegen 0.24/turn    (no ring)
MPRegen 0.09/turn

%: reflection
@: no status effects
A: sickness immunity, AC +3, negative energy resistance 1, electricity
resistance, torment resistance 1, petrification resistance
a: no special abilities


You were on level 2 of the Dungeon.
You visited 1 branch of the dungeon, and saw 2 of its levels.

You collected 56 gold pieces.


Innate Abilities, Weirdness & Mutations

You are immune to sickness and miasma.
Your stone body is resilient. (AC +3)
You are immune to poison.
You resist negative energy. (rN+)
You are resistant to electric shocks. (rElec)
You are resistant to unholy torment.
You are immune to petrification.


   Skills:
 - Level 2.0 Fighting
 - Level 4.0 Ranged Weapons
 + Level 0.0 Armour
 - Level 1.5 Dodging
 - Level 1.0 Spellcasting
 - Level 2.6 Hexes


You had 4 spell levels left.
You knew the following spells:

 Your Spells              Type           Power      Damage    Failure   Level
a - Slow                  Hex            28%        N/A       22%         1

Your spell library contained the following spells:

 Spells                   Type           Power      Damage    Failure   Level
 Inner Flame              Hex/Fire       4%         N/A       73%         3
 Portal Projectile        Hex/Tloc       8%         N/A       73%         3
 Cause Fear               Hex            3%         N/A       91%         4

Inventory:

Hand Weapons
 Y - a +2 sling (weapon)
Armour
 a - a +0 pair of boots
 g - a +0 ring mail (worn)
Jewellery
 d - a ring of see invisible
 k - an amulet of reflection (around neck)
Scrolls
 b - 2 scrolls of identify {unknown}
 c - a scroll of teleportation {unknown}
Potions
 e - a potion of might {unknown}
 f - a potion of lignification {unknown}
 i - a potion of heal wounds {unknown}

Dungeon Overview and Level Annotations

Branches:
Dungeon (2/15)

Altars:


Message History

You shoot a sling bullet.
The sling bullet closely misses the orc priest.
The sling bullet barely misses the rat.
The sling bullet hits the orc.
The orc is severely wounded.
The orc priest misses you.
You shoot a sling bullet.
The sling bullet closely misses the orc priest.
The sling bullet hits the rat!
You kill the rat!
The orc priest invokes the aid of Beogh against you.
Beogh smites you!
The orc priest mumbles some strange prayers to Beogh against you.
Beogh smites you!
Your Ranged Weapons skill increases to level 4!
You shoot a sling bullet.
The sling bullet closely misses the orc priest.
The sling bullet barely misses the orc.
The sling bullet barely misses the orc priest.
The sling bullet hits the worm.
The worm is lightly wounded.
The orc priest hits you with a +0 mace. You block the orc priest's attack.
You shoot a sling bullet.
The sling bullet barely misses the orc priest.
The sling bullet closely misses the orc.
The sling bullet hits the orc priest.
The orc priest is almost dead.
You block the orc priest's attack.
The orc priest miscasts a cantrip.
You shoot a sling bullet.
The sling bullet hits the orc priest but does no damage.
The orc priest is lightly wounded.
The orc priest hits you with a +0 mace.
The orc priest begins to cast a cantrip, but forgets the words!
You shoot a sling bullet. The sling bullet hits the orc priest.
The orc priest is heavily wounded.
The orc priest hits you but does no damage.
The orc priest invokes the aid of Beogh against you.
Beogh smites you!
Ouch! That really hurt!
You die...

.... #.#####.## ###
#.#....... #.#.###.#.
#...# #.#. ##### #.#.
#.## #...
..######################
..owooo@................
.w######################
.........# #...#
########.# #...#
#############.###...##
#.......##..........<#
#.####...#.##..##...##
#..%.......#...####
#...........(.....#


You could see a worm, 2 orc priests, a dart slug and 2 orcs.

Vanquished Creatures
  3 adders
  A dart slug (D:2)
  An orc (D:2)
  2 endoplasms (D:1)
  3 giant cockroaches
  2 goblins
  2 hobgoblins
  A kobold (D:1)
  3 quokkas
  6 ball pythons
  5 bats
  3 frilled lizards
  2 rats
34 creatures vanquished.

Notes
Turn   | Place    | Note
-------+----------+-------------------------------------------
     0 | D:1      | qw the Gargoyle Hexslinger began the quest for the Orb.
     0 | D:1      | Reached XP level 1. HP: 12/12 MP: 2/2
     0 | D:1      | 0 ||| qw: Version: 0.3-a-52-g30416fa
     0 | D:1      | 0 ||| qw: Game counter: 4618
     0 | D:1      | 0 ||| qw: Melee chars always use a shield: true
     0 | D:1      | 0 ||| qw: God list: Okawaru
     0 | D:1      | 0 ||| qw: Allow faded altars: false
     0 | D:1      | 0 ||| qw: Do Orc after clearing Dungeon:15 true
     0 | D:1      | 0 ||| qw: Do second Lair branch before Depths: true
     0 | D:1      | 0 ||| qw: Lair rune preference: random
     0 | D:1      | 0 ||| qw: Goals: Normal
     0 | D:1      | 0 ||| PLANNING D:1-11
   158 | D:1      | Reached XP level 2. HP: 16/16 MP: 3/3
   411 | D:1      | Reached skill level 3 in Ranged Weapons
   531 | D:1      | You fall into a shaft and drop 1 floor!
   562 | D:2      | Reached XP level 3. HP: 21/21 MP: 4/4
   563 | D:2      | 563 ||| UPGRADING to +0 ring mail.
   573 | D:2      | 573 ||| DROPPING +0 robe.
   574 | D:2      | 574 ||| UPGRADING to amulet of guardian spirit.
   579 | D:2      | 579 ||| UPGRADING to amulet of reflection.
   589 | D:2      | 589 ||| DROPPING amulet of guardian spirit.
   590 | D:2      | 590 ||| READING scroll labelled ULIGU GOINAO.
   591 | D:2      | 591 ||| READING scroll labelled ONOJEO VOAKUHE.
   592 | D:2      | 592 ||| READING scroll labelled TET ASKYIX.
   593 | D:2      | 593 ||| DROPPING scroll of poison.
   701 | D:2      | 701 ||| STAIRDANCE
   813 | D:2      | Reached XP level 4. HP: 26/26 MP: 5/5
  1054 | D:2      | HP: 4/26 [orc priest/divine providence (10)]
  1055 | D:2      | Reached skill level 4 in Ranged Weapons
  1058 | D:2      | Killed from afar by an orc priest

Levels and vault maps discovered:
D:1:      heliophobic_arrival_ceremonial_halls, layout_basic
D:2:      layout_basic

Skill      XL: |  1  2  3  4 |
---------------+-------------+-----
Ranged Weapons | 3 4 |  4.0
Fighting       | 2 |  2.0
Dodging        | |  1.5
Spellcasting   | |  1.0
Hexes          | |  2.6

Action                     |  1- 3 |  4- 6 || total
---------------------------+-------+-------++-------
   Fire: Sling             |    89 |    20 ||   109
    Use: Scroll            |     3 |       ||     3
 Armour: Robe              |     8 |       ||     8
         Ring mail         |     9 |     4 ||    13
  Dodge: Dodged            |    37 |     4 ||    41
  Block: Other             |    12 |     8 ||    20

Table legend:
 A = Non-vault XP
 B = Vault XP
 C = Vault XP percentage of total XP
 D = Non-vault monster count
 E = Vault monster count
 F = Vault count percentage of total count
                 A         B        C        D         E       F
            +---------+---------+-------+---------+---------+-------
      Total |      92 |       0 |   0.0 |      34 |       0 |   0.0
            +---------+---------+-------+---------+---------+-------
        D:1 |      42 |       0 |   0.0 |      19 |       0 |   0.0
        D:2 |      50 |       0 |   0.0 |      15 |       0 |   0.0
            +---------+---------+-------+---------+---------+-------
